 Dungeon Crawl Stone Soup version 0.23.0 (webtiles) character file.

Game seed: 11452958093860500615

3603 Kairos the Thaumaturge (level 10, -5/73 HPs)
             Began as a Gnoll Wizard on Feb 12, 2019.
             Was a Follower of Cheibriados.
             Killed from afar by an electric eel (8 damage)
             ... with a bolt of electricity
             ... on level 1 of the Lair of Beasts.
             The game lasted 00:47:41 (12603 turns).

Kairos the Thaumaturge (Gnoll Wizard)              Turns: 12603, Time: 00:47:42

Health: -5/73      AC: 13    Str: 16    XL:     10   Next: 10%
Magic:  18/22      EV: 20    Int: 26    God:    Cheibriados [*.....]
Gold:   427        SH:  0    Dex: 16    Spells: 14/26 levels left

rFire    . . .     SeeInvis .   x - +4 short sword (venom)
rCold    . . .     Gourm    .   (no shield)
rNeg     . . .     Faith    .   a - +5 ring mail
rPois    .         Spirit   .   q - +2 hat
rElec    .         Reflect  .   (no cloak)
rCorr    .         Harm     .   (no gloves)
MR       .....                  (no boots)
Stlth    +++.......             (no amulet)
HPRegen  0.22/turn              m - +2 ring of strength
MPRegen  0.18/turn              D - +5 ring of evasion

@: very slow
A: distributed training, fangs 1, strong nose
a: Bend Time, Renounce Religion


You were on level 1 of the Lair of Beasts.
You worshipped Cheibriados.
Cheibriados was aware of your devotion.
You were near starving.

You visited 3 branches of the dungeon, and saw 10 of its levels.

You collected 427 gold pieces.

Inventory:

Hand Weapons
 e - a +0 dagger
 f - a +0 falchion of protection
 l - a cursed +6 war axe
 s - a +3 scythe of protection
 x - a +4 short sword of venom (weapon)
 G - a +2 mace of holy wrath
Missiles
 I - 5 tomahawks of returning (quivered)
Armour
 a - a +5 ring mail (worn)
 q - a +2 hat (worn)
Jewellery
 m - a +2 ring of strength (left hand)
 D - a +5 ring of evasion (right hand)
Wands
 t - a wand of flame (50)
 u - a wand of paralysis (14)
 E - a wand of disintegration (15)
 H - a wand of enslavement (7)
Scrolls
 b - 2 scrolls of remove curse
 i - a scroll of fear {unknown}
 k - 5 scrolls of teleportation
 n - a scroll of magic mapping
 w - a scroll of blinking {unknown}
 y - a scroll of immolation {unknown}
 z - a scroll of enchant armour
 A - 2 scrolls of identify
 B - 2 scrolls of enchant weapon {unknown}
 C - a scroll of random uselessness {unknown}
Potions
 c - 2 potions of brilliance
 g - 3 potions of haste {unknown}
 h - 6 potions of curing
 j - 2 potions of might {unknown}
 o - a potion of ambrosia {unknown}
 p - 2 potions of resistance {unknown}
 r - 3 potions of flight {unknown}
 v - a potion of degeneration {unknown}
 F - a potion of cancellation {unknown}
Comestibles
 d - 6 rations


   Skills:
 + Level 4.8 Fighting
 + Level 4.8 Short Blades
 + Level 4.8 Long Blades
 + Level 4.8 Axes
 + Level 4.8 Maces & Flails
 + Level 4.8 Polearms
 + Level 4.8 Staves
 + Level 4.8 Slings
 + Level 4.8 Bows
 + Level 4.8 Crossbows
 + Level 4.8 Throwing
 + Level 4.8 Armour
 + Level 6.7 Dodging
 + Level 6.5 Stealth
 + Level 4.8 Shields
 + Level 4.8 Unarmed Combat
 + Level 8.7 Spellcasting
 + Level 4.6 Conjurations
 + Level 4.0 Hexes
 + Level 4.0 Charms
 + Level 4.6 Summonings
 + Level 4.0 Necromancy
 + Level 4.6 Translocations
 + Level 4.0 Transmutations
 + Level 4.0 Fire Magic
 + Level 4.0 Ice Magic
 + Level 4.0 Air Magic
 + Level 4.0 Earth Magic
 + Level 4.0 Poison Magic
 + Level 5.3 Invocations
 + Level 4.8 Evocations


You had 14 spell levels left.
You knew the following spells:

 Your Spells              Type           Power        Failure   Level  Hunger
a - Magic Dart            Conj           ####         1%          1    None
b - Call Imp              Summ           #####...     2%          2    None
c - Blink                 Tloc           N/A          2%          2    None
d - Corona                Hex            ####...      1%          1    None
e - Conjure Flame         Conj/Fire      ####....     4%          3    None
f - Confuse               Hex            ####....     5%          3    None

Your spell library contained the following spells:

 Spells                   Type           Power        Failure   Level  Hunger
 Flame Tongue             Conj/Fire      ####.        1%          1    None
 Sandblast                Erth           ####..       1%          1    None
 Shock                    Conj/Air       ####         1%          1    None
 Ensorcelled Hibernation  Hex/Ice        ####..       2%          2    None
 Passwall                 Tmut/Erth      ####....     2%          2    None
 Slow                     Hex            ####....     2%          2    None
 Swiftness                Chrm/Air       ####....     2%          2    None
 Throw Flame              Conj/Fire      ####..       2%          2    None
 Dazzling Spray           Conj/Hex       ####..       4%          3    None
 Mephitic Cloud           Conj/Pois/Air  ####....     4%          3    None
 Static Discharge         Conj/Air       ####....     4%          3    None
 Stone Arrow              Conj/Erth      ####..       4%          3    None
 Inner Flame              Hex/Fire       ####....     5%          3    None
 Tukima's Dance           Hex            ####....     5%          3    None
 Sticky Flame             Conj/Fire      ####....     16%         4    ##.....
 Airstrike                Air            ####......   19%         4    ##.....
 Petrify                  Tmut/Erth      ####....     19%         4    ##.....
 Fireball                 Conj/Fire      ####......   41%         5    ####...
 Lightning Bolt           Conj/Air       ####......   41%         5    ####...
 Lee's Rapid Deconstruct  Erth           ####......   45%         5    ####...


Dungeon Overview and Level Annotations

Branches:
Dungeon (8/15)             Temple (1/1) D:7            Lair (1/6) D:8

Altars:
Ashenzari
Cheibriados
Dithmenos
Elyvilon
Fedhas
Gozag
Hepliaklqana
Kikubaaqudgha
Okawaru
Qazlal
Ru
Sif Muna
Trog
Uskayaw
Vehumet
Xom
Zin
The Shining One

Shops:
D:4 (

Annotations:
D:7 exclusion: statue


Innate Abilities, Weirdness & Mutations

Your experience applies equally to all skills.
You have very sharp teeth.
Your uncanny sense of smell can sniff out nearby items.


Message History

The electric eel shoots out a bolt of lightning at you!
The bolt of electricity hits you!
* * * LOW HITPOINT WARNING * * *
The bolt of electricity misses you.
Your unstable footing causes you to fumble your attack.
The electric eel shoots out a bolt of lightning at you!
The bolt of electricity hits you!
* * * LOW HITPOINT WARNING * * *
The bolt of electricity misses you.
The electric eel shoots out a bolt of lightning at you!
The bolt of electricity hits you!
* * * LOW HITPOINT WARNING * * *
You closely miss the electric eel.
You bite the electric eel, but do no damage.
The electric eel is severely wounded.
You closely miss the electric eel. Your bite misses the electric eel.
The electric eel is severely wounded.
The electric eel shoots out a bolt of lightning at you!
The bolt of electricity hits you!
You die...

.............
............. %..
####......#P #...
#......## ######P...
#......[# #.........
#......######.#P.P....
#......P#...P.........
#......##.P.....P.....
##......##....@≈≈P.....
#.......P#...P≈;≈≈.....
#.......##..≈≈≈≈≈≈P.P..
##......##..≈≈≈≈≈≈≈.≈..
#..>...##.≈.≈≈≈≈≈≈≈≈≈.
####.......#...≈≈≈≈≈≈≈≈..
................P≈≈≈≈≈...
..................≈≈≈≈...
.............


You could see an electric eel.

Vanquished Creatures
  Joseph (D:7)
  Grinder (D:5)
  2 hippogriffs
  Sigmund (D:3)
  Duvessa (D:5)
  3 orc warriors
  An ice beast (D:6)
  2 phantoms
  A necrophage (D:8)
  2 ogres
  A centaur (D:5)
  2 bullfrogs
  2 scorpions
  Dowan (D:5)
  An electric eel (D:7)
  4 wights (D:8)
  4 crimson imps
  A hound (D:7)
  3 orc priests
  A bullfrog skeleton (D:7)
  A centaur skeleton (D:8)
  Jessica (D:2)
  2 worker ants
  6 orc wizards
  4 iguanas
  Natasha (twice) (D:2)
  Terence (D:2)
  2 worker ant zombies
  Robin (D:3)
  8 adders
  2 oozes
  3 worms
  2 dart slugs
  2 leopard geckos
  34 orcs
  6 bats
  5 giant cockroaches
  11 hobgoblins
  4 jackals (D:5)
  8 kobolds
  3 quokkas
  3 ball pythons
  10 frilled lizards
  25 goblins
  A jackal zombie (D:7)
  A leopard gecko skeleton (D:5)
  9 rats
192 creatures vanquished.

Vanquished Creatures (collateral kills)
  2 orc warriors (D:7)
  An ogre (D:3)
  A jelly (D:5)
  3 orc priests
  A hound (D:4)
  An iguana (D:4)
  Ijyb (D:4)
  Natasha (D:2)
  3 adders
  A worm (D:4)
  8 orcs
  2 bats (D:3)
  A hobgoblin (D:3)
26 creatures vanquished.

Grand Total: 218 creatures vanquished

Notes
Turn   | Place    | Note
-------+----------+-------------------------------------------
     0 | D:1      | Kairos the Gnoll Wizard began the quest for the Orb.
     0 | D:1      | Reached XP level 1. HP: 13/13 MP: 8/8
   175 | D:1      | Reached XP level 2. HP: 19/19 MP: 3/10
   870 | D:1      | Found a shattered altar of Ashenzari.
   943 | D:1      | Reached XP level 3. HP: 25/25 MP: 8/11
  1067 | D:2      | Reached skill level 1 in Invocations
  1068 | D:2      | Noticed Natasha
  1081 | D:2      | Killed Natasha
  1081 | D:2      | Reached skill level 1 in Fighting
  1081 | D:2      | Reached skill level 1 in Short Blades
  1081 | D:2      | Reached skill level 1 in Long Blades
  1081 | D:2      | Reached skill level 1 in Axes
  1081 | D:2      | Reached skill level 1 in Maces & Flails
  1081 | D:2      | Reached skill level 1 in Polearms
  1081 | D:2      | Reached skill level 1 in Staves
  1081 | D:2      | Reached skill level 1 in Slings
  1081 | D:2      | Reached skill level 1 in Bows
  1081 | D:2      | Reached skill level 1 in Crossbows
  1081 | D:2      | Reached skill level 1 in Throwing
  1081 | D:2      | Reached skill level 1 in Armour
  1081 | D:2      | Reached skill level 1 in Shields
  1081 | D:2      | Reached skill level 1 in Unarmed Combat
  1081 | D:2      | Reached skill level 1 in Evocations
  1081 | D:2      | Reached XP level 4. HP: 20/32 MP: 2/13
  1179 | D:2      | Found a sacrificial altar of Ru.
  1274 | D:2      | Noticed Jessica
  1301 | D:2      | Learned a level 2 spell: Call Imp
  1303 | D:2      | Killed Jessica
  1303 | D:2      | Reached skill level 1 in Hexes
  1303 | D:2      | Reached skill level 1 in Charms
  1303 | D:2      | Reached skill level 1 in Necromancy
  1303 | D:2      | Reached skill level 1 in Transmutations
  1303 | D:2      | Reached skill level 1 in Fire Magic
  1303 | D:2      | Reached skill level 1 in Ice Magic
  1303 | D:2      | Reached skill level 1 in Air Magic
  1303 | D:2      | Reached skill level 1 in Earth Magic
  1303 | D:2      | Reached skill level 1 in Poison Magic
  1514 | D:2      | Noticed Terence
  1537 | D:2      | Reached XP level 5. HP: 37/37 MP: 11/14
  1626 | D:2      | Killed Terence
  1636 | D:2      | Noticed Natasha
  1658 | D:2      | Killed Natasha
  2104 | D:2      | Noticed Natasha
  2114 | D:2      | Killed Natasha
  2337 | D:3      | Learned a level 2 spell: Blink
  2425 | D:3      | Noticed Robin
  2504 | D:3      | Reached XP level 6. HP: 20/44 MP: 2/16
  2520 | D:3      | Killed Robin
  3131 | D:3      | Noticed Sigmund
  3141 | D:3      | Killed Sigmund
  3141 | D:3      | Reached skill level 5 in Dodging
  3774 | D:4      | Reached XP level 7. HP: 37/50 MP: 7/18
  3978 | D:4      | Found Daosadwonel's Weapon Shoppe.
  5140 | D:5      | Entered Level 5 of the Dungeon
  5408 | D:5      | Noticed Ijyb
  5605 | D:4      | Killed Ijyb
  5749 | D:5      | Noticed Grinder
  5753 | D:5      | Killed Grinder
  5753 | D:5      | Reached skill level 5 in Stealth
  5903 | D:5      | Reached XP level 8. HP: 56/57 MP: 11/19
  5913 | D:5      | Found an opulent altar of Gozag.
  5927 | D:5      | Found a bloodstained altar of Trog.
  5982 | D:5      | Noticed Duvessa
  5984 | D:5      | Noticed Dowan
  6017 | D:5      | Killed Duvessa
  6031 | D:5      | Killed Dowan
  6391 | D:5      | Found an iron altar of Okawaru.
  6700 | D:5      | Learned a level 1 spell: Corona
  6824 | D:5      | Found an opulent altar of Gozag.
  6831 | D:5      | Found a hide-covered altar of Uskayaw.
  6838 | D:5      | Found a sacrificial altar of Ru.
  6972 | D:6      | Found an iron altar of Okawaru.
  6972 | D:6      | You fall through a shaft!
  7080 | D:6      | Found a hazy altar of Hepliaklqana.
  7130 | D:6      | Reached skill level 8 in Spellcasting
  7564 | D:6      | Found a shadowy altar of Dithmenos.
  7659 | D:6      | Found a white marble altar of Elyvilon.
  8321 | D:7      | Noticed Joseph
  8333 | D:7      | Killed Joseph
  8333 | D:7      | Reached XP level 9. HP: 39/65 MP: 21/21
  8911 | D:7      | Found a staircase to the Ecumenical Temple.
  8920 | Temple   | Entered the Ecumenical Temple
  9033 | Temple   | Became a worshipper of Cheibriados the Contemplative
 10739 | D:7      | Found a radiant altar of Vehumet.
 10976 | D:8      | Learned a level 3 spell: Conjure Flame
 11172 | D:8      | Reached skill level 5 in Invocations
 11228 | D:8      | Reached * piety under Cheibriados
 11566 | D:8      | Reached XP level 10. HP: 71/73 MP: 3/22
 12076 | D:8      | Found a staircase to the Lair.
 12408 | D:8      | Found a deep blue altar of Sif Muna.
 12456 | D:8      | Learned a level 3 spell: Confuse
 12509 | Lair:1   | Entered Level 1 of the Lair of Beasts
 12569 | Lair:1   | Noticed a seven-headed hydra
 12592 | Lair:1   | Noticed a four-headed hydra
 12592 | Lair:1   | Noticed a spiny frog
 12601 | Lair:1   | HP: 3/73 [electric eel/bolt of electricity (8)]
 12603 | Lair:1   | Killed from afar by an electric eel

Skill      XL: |  1  2  3  4  5  6  7  8  9 10 |
---------------+-------------------------------+-----
Conjurations   | 2 3 4 |  4.6
Summonings     | 2 3 4 |  4.6
Translocations | 2 3 4 |  4.6
Invocations    | 1 2 3 4 5 |  5.3
Fighting       | 1 2 3 4 |  4.8
Short Blades   | 1 2 3 4 |  4.8
Long Blades    | 1 2 3 4 |  4.8
Axes           | 1 2 3 4 |  4.8
Maces & Flails | 1 2 3 4 |  4.8
Polearms       | 1 2 3 4 |  4.8
Staves         | 1 2 3 4 |  4.8
Slings         | 1 2 3 4 |  4.8
Bows           | 1 2 3 4 |  4.8
Crossbows      | 1 2 3 4 |  4.8
Throwing       | 1 2 3 4 |  4.8
Armour         | 1 2 3 4 |  4.8
Shields        | 1 2 3 4 |  4.8
Unarmed Combat | 1 2 3 4 |  4.8
Evocations     | 1 2 3 4 |  4.8
Hexes          | 1 2 3 4 |  4.0
Charms         | 1 2 3 4 |  4.0
Necromancy     | 1 2 3 4 |  4.0
Transmutations | 1 2 3 4 |  4.0
Fire Magic     | 1 2 3 4 |  4.0
Ice Magic      | 1 2 3 4 |  4.0
Air Magic      | 1 2 3 4 |  4.0
Earth Magic    | 1 2 3 4 |  4.0
Poison Magic   | 1 2 3 4 |  4.0
Dodging        | 5 6 |  6.7
Stealth        | 5 6 |  6.5
Spellcasting   | 8 |  8.7

Action                   |  1- 3 |  4- 6 |  7- 9 | 10-12 || total
-------------------------+-------+-------+-------+-------++-------
Melee: Short sword       |    11 |    77 |   244 |    23 ||   355
       Bite              |     1 |     4 |    30 |     3 ||    38
       Punch             |       |       |     4 |     2 ||     6
 Cast: Magic Dart        |    50 |   156 |   224 |    72 ||   502
       Call Imp          |       |    17 |    57 |     3 ||    77
       Conjure Flame     |       |       |     5 |     7 ||    12
Invok: Bend Time         |       |       |     1 |     1 ||     2
Evoke: Wand              |       |       |     1 |       ||     1
  Use: Scroll            |       |     6 |     5 |     1 ||    12
       Potion            |       |       |     2 |       ||     2
 Stab: Paralysed         |       |       |     3 |       ||     3
       Distracted        |       |       |     3 |       ||     3
       Sleeping          |       |       |     1 |       ||     1
  Eat: Chunk             |       |     8 |    11 |       ||    19
       Ration            |       |       |     4 |       ||     4
Armor: Leather armour    |     4 |    13 |       |       ||    17
       Ring mail         |       |       |    99 |    14 ||   113
Dodge: Dodged            |    12 |    65 |   164 |    54 ||   295
